 Dungeon Crawl Stone Soup version 0.29-a0-219-g0a02b1cf4f (webtiles) character file.

Game seed: 12470188170475116748

218 enile the Stinger (level 6, -2/42 (49) HPs)
             Began as a Formicid Venom Mage on Feb 25, 2022.
             Was a Follower of Ru.
             Slain by a kobold brigand
             ... wielding a +0 short sword
              (7 damage)
             ... in a sewer on Feb 26, 2022.
             The game lasted 00:14:27 (5450 turns).

enile the Stinger (Formicid Venom Mage)             Turns: 5450, Time: 00:14:28

HP:   -2/42 (49)    AC:  2    Str:  9 (12) XL:     6   Next: 17%
MP:   0/9           EV: 12    Int: 16 (17) God:    Ru [*.....]
Gold: 130           SH:  0    Dex: 10 (11) Spells: 3/9 levels left

rFire   . . .      SeeInvis +   x - +2 dagger (elec)
rCold   . . .      Faith    .   (no shield)
rNeg    + . .      Spirit   +   a - +0 robe
rPois   .          Reflect  .   (helmet unavailable)
rElec   .          Harm     +   m - scarf {harm}
rCorr   .          Rampage  .   (no gloves)
Will    .....                   (no boots)
Stlth   ++........              o - amulet of guardian spirit
HPRegen 0.14/turn               n - ring of positive energy
MPRegen 0.11/turn               (no ring)

@: weak-willed, attractive, flying, heavily drained
A: permanent stasis, dig shafts and tunnels, antennae 3, weak-willed 1, four
strong arms
a: Dig, Renounce Religion


You were in a sewer.
You worshipped Ru.
Ru was aware of your devotion.
You visited 1 branch of the dungeon, and saw 5 of its levels.
You also visited: Sewer.

You collected 143 gold pieces.
You spent 13 gold pieces at shops.

Inventory:

Hand Weapons
 e - a +0 club
 f - a +0 short sword
 w - a +0 dagger of venom
 x - a +2 dagger of electrocution (weapon)
Missiles
 g - 2 datura-tipped darts (quivered)
 z - 6 poisoned darts
Armour
 a - a +0 robe (worn)
 m - a scarf of harm (worn)
 t - +0 fire dragon scales
 u - an orb of wrath
Jewellery
 n - a ring of positive energy (left hand)
 o - an amulet of guardian spirit (around neck)
Scrolls
 c - 3 scrolls of teleportation
 h - a scroll of immolation
 p - a scroll of noise {unknown}
 r - a scroll of magic mapping {unknown}
 y - 2 scrolls of fear {unknown}
Potions
 b - a potion of haste
 j - a potion of brilliance


   Skills:
 + Level 4.4 Fighting
 - Level 2.0 Dodging
 - Level 3.0 Stealth
 - Level 2.1 Spellcasting
 - Level 1.1 Transmutations
 - Level 6.0 Poison Magic


You had 3 spell levels left.
You knew the following spells:

 Your Spells              Type           Power      Damage    Failure   Level
a - Sting                 Tmut/Pois      52%        1d5       4%          1
b - Poisonous Vapours     Pois/Air       22%        N/A       9%          2
c - Mephitic Cloud        Conj/Pois/Air  8%         N/A       26%         3

Your spell library contained the following spells:

 Spells                   Type           Power      Damage    Failure   Level
 Olgreb's Toxic Radiance  Pois           20%        N/A       17%         4
 Freezing Cloud           Conj/Ice/Air   0%         6-21      99%         5
 Simulacrum               Ice/Necr       0%         N/A       100%        6
 Polar Vortex             Ice            0%         N/A       100%        9


Dungeon Overview and Level Annotations

Branches:
Dungeon (5/15)              Sewer (1/1)
 Temple: D:4-7

Altars:
Ru
Sif Muna

Shops:
D:1 (

Annotations:
D:3 Edmund
D:4 nightmare, Eustachio, Grinder, Menkaure


Innate Abilities, Weirdness & Mutations

You cannot be hasted, slowed, berserked, paralysed or teleported.
You can dig through walls and to a lower floor.
You have a pair of large antennae on your head. (SInv)
You are slightly weak-willed. (Will-)
Your four strong arms can wield two-handed weapons with a shield.


Message History

Unknown command.
Okay, then.
Unknown command.
Welcome back, enile the Formicid Venom Mage.
Ru says: Cut away your false body!
Press ? for a list of commands and other information.
It was a potion of attraction.
You feel attractive to monsters.
You feel sick.
The kobold brigand hits you with a +0 short sword.
* * * LOW HITPOINT WARNING * * *
It was a potion of degeneration.
There was something very wrong with that liquid.
You feel weakened.
You feel dopey.
You feel clumsy.
You feel sick.
The kobold brigand hits you with a +0 short sword.
* * * LOW HITPOINT WARNING * * *
You feel much better.
You feel sick.
The kobold brigand hits you with a +0 short sword!
You hit the kobold brigand.
The kobold brigand is heavily wounded.
You feel sick.
The kobold brigand hits you with a +0 short sword!
You closely miss the kobold brigand.
The kobold brigand is heavily wounded.
You feel sick.
The kobold brigand hits you with a +0 short sword!
* * * LOW HITPOINT WARNING * * *
Okay, then.
Unknown command.
As you read the scroll labelled ISANYUNTAL, it crumbles to dust.
Magic quickly surges around you.
It was a scroll of vulnerability.
You feel sick. The kobold brigand closely misses you.
You feel sick.
You are no longer poisoned.
The kobold brigand hits you with a +0 short sword.
Keep disrobing?
You stop removing your amulet.
You die...

#.#
#.#
#.#
#∩#
#∩#
#.#
#.#
#.#
#@#
#K#
#(#
#(#
#≈#
#≈#
#≈#
#≈#
#≈#


You could see a kobold brigand (weak-willed).

Vanquished Creatures
  2 orc priests
  An orc wizard (D:2)
  A river rat (Sewer)
  3 adders
  2 worms
  2 dart slugs (D:1)
  5 orcs
  5 bats
  3 endoplasms (D:1)
  5 giant cockroaches
  8 goblins
  6 hobgoblins
  3 jackals
  6 quokkas
  5 ball pythons
  2 frilled lizards (D:1)
  10 kobolds
  12 rats
81 creatures vanquished.

Vanquished Creatures (others)
  A kobold (Sewer)
1 creature vanquished.

Grand Total: 82 creatures vanquished

Notes
Turn   | Place    | Note
-------+----------+-------------------------------------------
     0 | D:1      | enile the Formicid Venom Mage began the quest for the Orb.
     0 | D:1      | Reached XP level 1. HP: 13/13 MP: 3/3
    84 | D:1      | Reached skill level 1 in Fighting
   209 | D:1      | Reached XP level 2. HP: 22/22 MP: 1/5
   799 | D:1      | Found Tussan's Weapon Emporium.
   806 | D:1      | Reached XP level 3. HP: 28/28 MP: 3/6
   836 | D:1      | Bought 3 datura-tipped darts for 13 gold pieces
  1769 | D:2      | Learned a level 2 spell: Poisonous Vapours
  1895 | D:2      | Found a faded altar of an unknown god.
  1982 | D:2      | Prayed at the altar of an unknown god.
  1982 | D:2      | Became a worshipper of Ru the Awakened
  1987 | D:2      | Gained mutation: You are slightly weak-willed. (Will-) [Ru
                  | sacrifice]
  1987 | D:2      | Reached * piety under Ru
  2293 | D:2      | Reached XP level 4. HP: 35/35 MP: 0/7
  3361 | D:3      | Reached XP level 5. HP: 19/42 MP: 2/8
  4008 | D:2      | Reached skill level 5 in Poison Magic
  4474 | D:3      | Found a shimmering blue altar of Sif Muna.
  4549 | D:4      | Noticed Grinder
  4589 | D:4      | Noticed Edmund
  5065 | D:4      | Noticed Menkaure
  5072 | D:4      | Noticed Eustachio
  5094 | D:3      | Learned a level 3 spell: Mephitic Cloud
  5225 | D:5      | Entered Level 5 of the Dungeon
  5232 | D:5      | Reached skill level 6 in Poison Magic
  5232 | D:5      | Reached XP level 6. HP: 41/41 MP: 9/9
  5280 | D:5      | Found a glowing drain.
  5297 | Sewer    | Entered a sewer
  5441 | Sewer    | HP: 2/42 [kobold brigand/+0 short sword (3)]
  5450 | Sewer    | Slain by a kobold brigand

Illustrated notes

Levels and vault maps discovered:
D:1:      erik_arrival_orb_chamber, layout_basic, serial_shops, shop
D:2:      layout_loops_cross, serial_rivers, chequers_serial_rivers_small_b,
          chequers_serial_rivers_micro_d, chequers_serial_rivers_marsh,
          chequers_serial_rivers_marsh, chequers_serial_rivers_large_b,
          chequers_ecumenical_altar_island, ebering_dispersal_statue_hall,
          feat_on_display
D:3:      layout_loops_ring, led_sif_pool
D:4:      layout_loops_ring, minitemple, uniq_eustachio, uniq_edmund,
          uniq_grinder, uniq_menkaure
D:5:      layout_basic, elyvilon_altar_3, gup_sewer_entry_pipe, serial_glass,
          glass_columns_a, glass_columns_a
Sewer:    sewer_kobolds

Skill      XL: |  1  2  3  4  5 |
---------------+----------------+-----
Fighting       | 1 2 3 4 |  4.4
Dodging        | 2 |  2.0
Stealth        | 3 |  3.0
Poison Magic   | 6 |  6.0
Spellcasting   | |  2.1
Transmutations | |  1.1

Action                   |  1- 3 |  4- 6 || total
-------------------------+-------+-------++-------
Melee: Unarmed           |     5 |       ||     5
       Short sword       |    34 |    14 ||    48
       Dagger            |       |    61 ||    61
       Punch             |       |     1 ||     1
Throw: Dart              |       |     1 ||     1
 Cast: Sting             |    58 |    43 ||   101
       Poisonous Vapours |     9 |     9 ||    18
Invok: Sacrifice Essence |     1 |       ||     1
 Abil: Dig               |       |     1 ||     1
  Use: Potion            |       |     8 ||     8
       Scroll            |       |     4 ||     4
 Stab: Sleeping          |       |     5 ||     5
Armor: Robe              |    11 |    11 ||    22
Dodge: Dodged            |    41 |    60 ||   101

Table legend: (Time is in decaauts)
 A = Elapsed time spent in this place.
 B = Non-inter-level travel time spent in this place.
 C = Inter-level travel time spent in this place.
 D = Time resting spent in this place.
 E = Time spent auto-exploring this place.
 F = Levels seen in this place.
 G = Mean time per level.
                   A        B        C        D        E       F      G
               +--------+--------+--------+--------+--------+-----+--------+
         Total |   5536 |   5237 |    299 |    642 |   3577 |   6 |  922.7 |
       Dungeon |   5354 |   5055 |    299 |    642 |   3490 |   5 | 1070.8 |
         Sewer |    181 |    181 |      0 |      0 |     87 |   1 |  181.0 |
               +--------+--------+--------+--------+--------+-----+--------+

Top non-repeatable levels by time:
     D:2: 2050 daAuts
     D:1: 1767 daAuts
     D:3: 1338 daAuts
   Sewer: 181 daAuts
     D:4: 121 daAuts
     D:5: 76 daAuts
